 Dungeon Crawl Stone Soup version 0.25-a0-547-g27a0b5d (webtiles) character file.

Game seed: 14919145244485794763, levelgen mode: deterministic

34 packetloss the Magician (level 3, -1/19 HPs)
             Began as a Deep Elf Wizard on Feb 22, 2020.
             Slain by a kobold
             ... wielding a +0 dagger
              (3 damage)
             ... on level 1 of the Dungeon.
             The game lasted 00:04:23 (1051 turns).

packetloss the Magician (Deep Elf Wizard)           Turns: 1051, Time: 00:04:24

Health: -1/19      AC:  2    Str:  4    XL:     3   Next: 14%
Magic:  0/11       EV: 13    Int: 23    God:
Gold:   56         SH:  0    Dex: 13    Spells: 0/11 levels left

rFire    . . .     SeeInvis .   c - +0 whip
rCold    . . .     Gourm    .   (no shield)
rNeg     . . .     Faith    .   a - +0 robe
rPois    .         Spirit   .   b - +0 hat
rElec    .         Reflect  .   (no cloak)
rCorr    .         Harm     .   (no gloves)
MR       .....                  (no boots)
Stlth    ++........             (no amulet)
HPRegen  0.06/turn              (no ring)
MPRegen  0.12/turn              (no ring)

@: no status effects
A: no striking features
a: no special abilities


You were on level 1 of the Dungeon.
You were not hungry.

You visited 1 branch of the dungeon, and saw 2 of its levels.

You collected 56 gold pieces.

Inventory:

Hand Weapons
 c - a +0 whip (weapon)
 j - a +0 short sword
 m - a +0 hand axe
 o - a +0 dagger
Missiles
 k - 54 stones (quivered)
Armour
 a - a +0 robe (worn)
 b - a +0 hat (worn)
 h - a +0 leather armour
Jewellery
 f - an uncursed ring of stealth {unknown}
Scrolls
 g - 2 scrolls of remove curse {unknown}
 n - a scroll of fear {unknown}
Potions
 e - a potion of magic {unknown}
 l - a potion of invisibility {unknown}
Comestibles
 d - a ration
 i - a chunk of flesh


   Skills:
 - Level 2.9 Dodging
 - Level 3.1 Stealth
 + Level 4.9 Spellcasting
 + Level 1.9 Conjurations
 - Level 1.1 Summonings
 - Level 1.1 Translocations
 + Level 0.1 Air Magic
 + Level 0.1 Poison Magic


You couldn't memorise any spells.
You knew the following spells:

 Your Spells              Type           Power        Failure   Level  Hunger
a - Magic Dart            Conj           ##..         4%          1    None
b - Call Imp              Summ           ##......     9%          2    None
c - Blink                 Tloc           N/A          9%          2    None
d - Conjure Flame         Conj/Fire      ##......     19%         3    ##.....
e - Mephitic Cloud        Conj/Pois/Air  #.......     22%         3    ##.....

Your spell library contained the following spells:

 Spells                   Type           Power        Failure   Level  Hunger
 Slow                     Hex            #.......     14%         2    None


Dungeon Overview and Level Annotations

Branches:
Dungeon (2/15)

Altars:
Qazlal


Message History

* * * LOW HITPOINT WARNING * * *
You take 2 damage, and have 4/19 hp.
You now have 1/11 mp.
You hit the kobold.
The kobold is heavily wounded.
The kobold hits you with a +0 dagger.
* * * LOW HITPOINT WARNING * * *
You take 2 damage, and have 2/19 hp.
Casting: Magic Dart (safe; 4% risk of failure)
Confirm with . or Enter, or press ? or * to list all spells.
Aiming: Magic Dart (safe; 4% risk of failure)
Press: ? - help, Shift-Dir - straight line, f/p - kobold
Aim: a kobold, wielding a +0 dagger (heavily wounded)
The magic dart hits the kobold.
The kobold is severely wounded.
The kobold hits you but does no damage.
You now have 0/11 mp.
You hit the kobold but do no damage.
The kobold is severely wounded.
The kobold hits you with a +0 dagger.
You die...

###....#.......#...........#
#.#
.......#.......#.####......#
#.# ########.........#
#...8...# #.#
#÷........###..≈≈≈..# #.#
#......#.......≈≈≈[.# #.#
#......#..##...≈≈≈..# #.#
########..###..≈≈≈..# #.#
##K# #.......# #.# #@#
##.....####.# ###
#####......# ######.# #.#
#.# #.# #.# #.# #.#


You could see a kobold.

Vanquished Creatures
  An ooze (D:1)
  A worm (D:2)
  2 dart slugs (D:1)
  A bat (D:1)
  3 goblins (D:1)
  5 hobgoblins (D:1)
  A ball python (D:1)
  2 frilled lizards (D:1)
  2 kobolds (D:1)
  5 rats
23 creatures vanquished.

Notes
Turn   | Place    | Note
-------+----------+-------------------------------------------
     0 | D:1      | packetloss the Deep Elf Wizard began the quest for the Orb.
     0 | D:1      | Reached XP level 1. HP: 10/10 MP: 7/7
   153 | D:1      | Reached XP level 2. HP: 15/15 MP: 6/9
   381 | D:1      | Learned a level 2 spell: Call Imp
   395 | D:1      | Learned a level 2 spell: Blink
   408 | D:1      | Reached skill level 3 in Stealth
   786 | D:1      | Reached XP level 3. HP: 19/19 MP: 6/11
   791 | D:1      | Learned a level 3 spell: Conjure Flame
   795 | D:1      | Learned a level 3 spell: Mephitic Cloud
   990 | D:2      | Noticed an air elemental
   991 | D:2      | Found a stormy altar of Qazlal.
   993 | D:2      | Noticed an earth elemental
   995 | D:2      | Noticed a fire elemental
   995 | D:2      | Noticed a water elemental
  1048 | D:1      | HP: 4/19 [kobold/+0 dagger (2)]
  1051 | D:1      | Slain by a kobold

Levels and vault maps discovered:
D:1:      minmay_arrival_four_loops, layout_basic, serial_park_tiny_pond
D:2:      layout_basic, palyth_stone_intersect, st_stairs_1,
          nicolae_qazlal_style_of_elements

Skill      XL: |  1  2 |
---------------+-------+-----
Stealth        | 3 |  3.1
Dodging        | |  2.9
Spellcasting   | |  4.9
Conjurations   | |  1.9
Summonings     | |  1.1
Translocations | |  1.1
Air Magic      | |  0.1
Poison Magic   | |  0.1

Action                   || total
-------------------------++-------
Melee: Whip              ||    11
 Cast: Magic Dart        ||    57
       Mephitic Cloud    ||     1
 Stab: Confused          ||     1
Armor: Robe              ||     6
Dodge: Dodged            ||     9

Table legend:
 A = Non-vault XP
 B = Vault XP
 C = Vault XP percentage of total XP
 D = Non-vault monster count
 E = Vault monster count
 F = Vault count percentage of total count
                 A         B        C        D         E       F
            +---------+---------+-------+---------+---------+-------
      Total |      49 |       0 |   0.0 |      23 |       0 |   0.0
            +---------+---------+-------+---------+---------+-------
        D:1 |      43 |       0 |   0.0 |      21 |       0 |   0.0
        D:2 |       6 |       0 |   0.0 |       2 |       0 |   0.0
            +---------+---------+-------+---------+---------+-------
